AoeStats
← RedPhosphoru

Arabian Desert

510253559Analyzed
1v1 RM · 1d ago on Sep 30, 2026· 19m 12s· 2 players
Game mode
Random Map
Map size
Tiny (2 player)
Population
200
Speed
Normal
Resources
Standard
Victory
Conquest
Starting age
Dark Age
Ending age
Imperial Age
RankedLock teamsTeams togetherTeam positionsShared explorationLock speedFull tech treeHidden civsTurbo modeCheats
Victory
Defeat
🇺🇸 Saxons · United States
2390
+21
🇻🇳 Spanish · Vietnam
2502
-21
RedPhosphoru
12:36 Feudal Age
12:55 Man-at-Arms
14:57 Loom
18:01 Castle Age
18:04 Long Swordsman
18:29 Gambesons
Hoanginator
7:12 Loom
9:38 Feudal Age
11:23 Double-Bit Axe
19:41 Castle Age
Connection lost

Rejoining the realm…

Still unreachable

The connection could not be restored.

Session expired

The server has moved on; the page needs a fresh start.